 Dungeon Crawl Stone Soup version 0.31-a0-564-g3b7de120b3 (webtiles) character file.

Game seed: 16748542836774305763

18 Arcadio the Caller (level 2, -9/15 HPs)
             Began as a Deep Elf Summoner on Aug 17, 2023.
             Killed by divine providence
             ... invoked by an orc priest
              (11 damage)
             ... on level 2 of the Dungeon.
             The game lasted 00:02:29 (348 turns).

Arcadio the Caller (Deep Elf Summoner)               Turns: 348, Time: 00:02:30

Health: -9/15      AC:  2    Str:  5    XL:     2   Next: 51%
Magic:  4/8        EV: 13    Int: 19    God:
Gold:   34         SH:  0    Dex: 15    Spells: 7/8 levels left

rFire   . . .        d - +0 dagger
rCold   . . .        (no shield)
rNeg    . . .        a - +0 robe
rPois   .            (no helmet)
rElec   .            (no cloak)
rCorr   .            (no gloves)
SInv    .            (no boots)
Will    .....        (no amulet)
Stlth   ++           (no ring)
HPRegen 0.22/turn    (no ring)
MPRegen 0.11/turn

%: no passive effects
@: no status effects
A: no striking features
a: no special abilities


You were on level 2 of the Dungeon.
You visited 1 branch of the dungeon, and saw 2 of its levels.

You collected 34 gold pieces.

Inventory:

Hand Weapons
 d - a +0 dagger (weapon)
Armour
 a - a +0 robe (worn)
Jewellery
 f - a ring of protection from cold
Scrolls
 c - a scroll of amnesia {unknown}
 e - a scroll of fear {unknown}
Potions
 b - a potion of magic


   Skills:
 + Level 3.0 Dodging
 - Level 2.4 Stealth
 + Level 3.5 Spellcasting
 + Level 4.6 Summonings


You had 7 spell levels left.
You knew the following spells:

 Your Spells              Type           Power      Damage    Failure   Level
a - Summon Small Mammal   Summ           84%        N/A       2%          1

Your spell library contained the following spells:

 Spells                   Type           Power      Damage    Failure   Level
 Call Imp                 Summ           42%        N/A       3%          2
 Call Canine Familiar     Summ           21%        N/A       6%          3
 Summon Guardian Golem    Hex/Summ       12%        N/A       17%         3
 Summon Lightning Spire   Summ/Air       12%        N/A       50%         4


Dungeon Overview and Level Annotations

Branches:
Dungeon (1/15) Zot: 11651

Altars:

Shops:
D:2 !


Message History

Your quokka bites the orc.
The orc dies!
Your quokka bites the orc priest but does no damage.
Your Dodging skill increases to level 3!
You swap places.
The orc priest closely misses your quokka.
Your quokka bites the orc priest but does no damage.
The orc priest closely misses your quokka.
Your quokka bites the orc priest but does no damage.
Your quokka closely misses the orc priest.
The orc priest hits your quokka with a +0 short sword.
Your quokka bites the orc priest.
The orc priest closely misses your quokka.
Your quokka completely misses the orc priest.
The orc priest mumbles some strange prayers to Beogh against you.
Your quokka writhes in agony!
Your quokka dies!
Your quokka's corpse disappears in a puff of smoke!
Casting: Summon Small Mammal (safe; 2% risk of failure)
Confirm with . or Enter, or press ? or * to list all spells.
The orc priest invokes the aid of Beogh against you.
Beogh smites you!
Ouch! That really hurt!
* * * LOW HITPOINT WARNING * * *
Your bat closely misses the orc priest.
The orc priest begins to cast a cantrip, but forgets the words!
Casting: Summon Small Mammal (safe; 2% risk of failure)
Confirm with . or Enter, or press ? or * to list all spells.
Your bat hits the orc. x2
Your bat closely misses the orc.
Your quokka bites the orc.
The orc priest barely misses your quokka.
The orc hits your quokka with a +0 trident!
Your quokka dies!
Your quokka's corpse disappears in a puff of smoke!
Your bat barely misses the orc priest.
Your bat hits the orc priest but does no damage.
The orc priest invokes the aid of Beogh against you.
Beogh smites you!
Ouch! That really hurt!
You die...

## #.....#.......####### .#
#.....#..r...........
.############...b..§......#######
..............†...#..........#
.############..oo.#............#
.# ####§##........#.#.# .#
#.#####.#>#.#.# # ## #.# #.#.#.#
# #@# #.#.#.# #.# .#. .# #.# #..
###


You could see an orc priest (ally target), an orc and a friendly bat (summoned).

Vanquished Creatures
  An adder (D:2)
  A hobgoblin (D:2)
  A rat (D:2)
3 creatures vanquished.

Vanquished Creatures (collateral kills)
  An orc (D:2)
  An endoplasm (D:2)
  2 goblins (D:1)
  A ball python (D:1)
  A frilled lizard (D:1)
6 creatures vanquished.

Grand Total: 9 creatures vanquished

Notes
Turn   | Place    | Note
-------+----------+-------------------------------------------
     0 | D:1      | Arcadio the Deep Elf Summoner began the quest for the Orb.
     0 | D:1      | Reached XP level 1. HP: 10/10 MP: 6/6
   160 | D:1      | You fall into a shaft and drop 1 floor!
   171 | D:2      | Found Hojoanu's Distillery.
   277 | D:2      | Reached XP level 2. HP: 15/15 MP: 6/8
   348 | D:2      | Killed from afar by an orc priest

Illustrated notes

Levels and vault maps discovered:
D:1:      onia_arrival_mini_maze, layout_rooms, chequers_big_river,
          corner_web_ring
D:2:      layout_basic, serial_shops, shop, cheibrodos_gnoll_hut

Skill      XL: |  1  2 |
---------------+-------+-----
Dodging        | 3 |  3.0
Stealth        | |  2.4
Spellcasting   | |  3.5
Summonings     | |  4.6

Action                     || total
---------------------------++-------
  Melee: Dagger            ||    16
   Cast: Summon Small Mamm ||    15
    Use: Potion            ||     1
 Armour: Robe              ||     2
  Dodge: Dodged            ||    13

Table legend: (Time is in decaauts)
 A = Elapsed time spent in this place.
 B = Non-inter-level travel time spent in this place.
 C = Inter-level travel time spent in this place.
 D = Time resting spent in this place.
 E = Time spent auto-exploring this place.
 F = Levels seen in this place.
 G = Mean time per level.
                   A        B        C        D        E       F      G
               +--------+--------+--------+--------+--------+-----+--------+
         Total |    347 |    347 |      0 |     38 |    170 |   2 |  173.5 |
       Dungeon |    347 |    347 |      0 |     38 |    170 |   2 |  173.5 |
               +--------+--------+--------+--------+--------+-----+--------+

Top non-repeatable levels by time:
     D:2: 187 daAuts
     D:1: 159 daAuts
